 Dungeon Crawl Stone Soup version 0.18.1-47-g9310371 (webtiles) character file.

798 dvd the Skirmisher (level 8, 0/61 HPs)
             Began as a Formicid Abyssal Knight on June 15, 2016.
             Was a Priest of Lugonu.
             Killed by divine providence
             ... invoked by an orc priest
              (12 damage)
             ... on level 5 of the Dungeon.
             The game lasted 00:16:53 (5131 turns).

dvd the Skirmisher (Formicid Abyssal Knight)        Turns: 5131, Time: 00:16:55

Health: 0/61       AC: 11    Str: 13 (16) XL:     8   Next: 13%
Magic:  9/9        EV: 12    Int: 13 (15) God:    Lugonu [***...]
Gold:   218        SH:  0    Dex: 16      Spells: 2 memorised, 8 levels left

rFire  . . .     SeeInvis +     a - +1 hand axe
rCold  . . .     Gourm    .     k - +0 ring mail
rNeg   . . .     Faith    .     (no shield)
rPois  .         Spirit   .     (helmet unavailable)
rElec  .         Dismiss  .     v - +1 cloak
rCorr  .         Reflect  .     (no gloves)
SustAt .         Harm     .     r - +2 pair of boots
MR     ++...                    (no amulet)
Stlth  +.........               (no ring)
                                x - ring of protection from magic

@: very resistant to hostile enchantments, very unstealthy
A: permanent stasis, dig shafts and tunnels, four strong arms, antennae 3, agile
2, clever 1, low mp 1, magic resistance 1
a: Dig, Shaft Self, Depart the Abyss, Bend Space, Banish, Renounce Religion


You were on level 5 of the Dungeon.
You worshipped Lugonu.
Lugonu was most pleased with you.
You were hungry.

You visited 2 branches of the dungeon, and saw 6 of its levels.
You visited the Abyss 1 time.

You collected 218 gold pieces.

Inventory:

Hand Weapons
 a - a +1 hand axe (weapon)
 b - a +4 spear
 z - a +0 mace
 D - a +0 war axe
Armour
 e - a +0 chain mail
 k - a +0 ring mail (worn)
 p - a +0 plate armour
 r - a +2 pair of boots (worn)
 v - a +1 cloak (worn)
 H - a +0 leather armour
Jewellery
 x - a ring of protection from magic (left hand)
Wands
 F - a wand of enslavement (14/24)
 J - a wand of lightning (12/15)
Scrolls
 d - 3 scrolls of identify
 h - a scroll of enchant armour
 m - a scroll of enchant weapon
 s - a scroll of remove curse
Potions
 E - 2 potions of curing
Books
 A - a Young Poisoner's Handbook

   Spells                             Type                      Level
   a - Sting                          Conjuration/Poison           1
   b - Cure Poison                    Poison                       2
   c - Mephitic Cloud                 Conjuration/Poison/Air       3
   d - Olgreb's Toxic Radiance        Poison                       4
   e - Venom Bolt                     Conjuration/Poison           5
Comestibles
 c - 2 bread rations
 f - a beef jerky
 g - 3 meat rations
 j - 2 slices of pizza


   Skills:
 + Level 4.8 Fighting
 + Level 3.8 Axes
 + Level 0.4(2.3) Polearms
 + Level 4.7 Armour
 + Level 3.1 Dodging
 + Level 1.3 Stealth
 + Level 2.0 Spellcasting
 + Level 1.6 Conjurations
 + Level 1.6 Poison Magic
 * Level 3.8 Invocations


You had 8 spell levels left.
You knew the following spells:

 Your Spells              Type           Power        Failure   Level  Hunger
a - Sting                 Conj/Pois      #...         28%         1    ##.....
b - Cure Poison           Pois           #.........   38%         2    ###....


Dungeon Overview and Level Annotations

Branches:
Dungeon (5/15)             Temple (1/1) D:4

Altars:
Dithmenos
Elyvilon
Fedhas
Gozag
Kikubaaqudgha
Makhleb
Nemelex Xobeh
Okawaru
Ru
Trog
Xom
Yredelemnul
The Shining One

Annotations:
Abyss:1 Grinder, Menkaure


Innate Abilities, Weirdness & Mutations

You are under a permanent stasis effect.
You can dig through walls and to a lower floor.
Your four strong arms can wield two-handed weapons with a shield.
You have a pair of large antennae on your head (SInv).
You are very agile. (Dex +4)
Your mind is acute. (Int +2)
Your magical capacity is low (-10% MP).
You are resistant to hostile enchantments.


Message History

The orc priest hits you with a war axe.
You hit the orc priest.
The orc priest is severely wounded.
The orc priest barely misses you.
You hit the orc priest but do no damage.
The orc priest is severely wounded.
You hit the orc priest but do no damage.
The orc priest is severely wounded.
The orc priest invokes the aid of Beogh against you.
Beogh smites you!
The orc priest calls down the wrath of Beogh upon you.
Beogh smites you!
You barely miss the orc priest.
The orc priest is severely wounded.
The orc priest invokes the aid of Beogh against you.
Beogh smites you!
* * * LOW HITPOINT WARNING * * *
The orc priest mumbles some strange prayers to Beogh against you.
Beogh smites you!
You die...

.....#####.#####......##
...........#...........#
.......................#
......####............#
.......# #............# ..
.......###...........# ...
.......##...........# ##...
..................# ##...
....#...........@## ##o?.#
..####.....####.o######.oc##
### ##...### ###o{##..)#..##
# #..### ##oo...#.{..# #..#
#### ##...##{.....# #..#
###..## ##.###..>....# ##.##
##.....# #...#.o...... #..#
##......## #.....o......
#..###........#
#............


You could see 2 orc priests and an orc.

Vanquished Creatures
  Sigmund (D:3)
  A hound (D:4)
  An orc priest (D:4)
  A gnoll shaman (D:4)
  A centaur skeleton (D:5)
  An orc wizard (D:5)
  Robin (D:4)
  7 gnolls
  7 adders
  2 oozes
  6 worms
  5 dart slugs
  3 giant geckos
  9 orcs
  8 giant cockroaches
  10 hobgoblins
  4 jackals (D:1)
  A ball python (D:3)
  13 bats
  A giant gecko skeleton (D:5)
  4 giant newts
  11 goblins
  6 kobolds
  5 rats
109 creatures vanquished.

Vanquished Creatures (others)
  A crimson imp (D:5)
  An adder (D:4)
2 creatures vanquished.

Grand Total: 111 creatures vanquished

Notes
Turn   | Place    | Note
--------------------------------------------------------------
     0 | Abyss:1  | dvd the Formicid Abyssal Knight began the quest for the Orb.
     0 | Abyss:1  | Reached XP level 1. HP: 18/18 MP: 2/2
    10 | Abyss:1  | Found a deep blue altar of Sif Muna.
    46 | Abyss:1  | Noticed a spatial maelstrom
    47 | D:1      | Escaped the Abyss
    62 | D:1      | Reached * piety under Lugonu
    62 | D:1      | Reached XP level 2. HP: 18/24 MP: 3/3
   355 | D:1      | Reached XP level 3. HP: 30/30 MP: 4/4
  1156 | D:2      | Reached XP level 4. HP: 37/37 MP: 5/5
  1271 | D:2      | Found a shadowy altar of Dithmenos.
  1275 | D:2      | Reached skill level 1 in Dodging
  1373 | D:2      | Reached ** piety under Lugonu
  1735 | D:3      | Reached XP level 5. HP: 33/43 MP: 6/6
  1902 | D:3      | Reached skill level 1 in Stealth
  2440 | D:3      | Learned a level 1 spell: Sting
  3038 | D:3      | Reached *** piety under Lugonu
  3099 | D:3      | Reached XP level 6. HP: 46/49 MP: 7/7
  3140 | D:3      | Noticed Sigmund
  3151 | D:3      | Killed Sigmund
  3151 | D:3      | Reached skill level 1 in Poison Magic
  3428 | D:4      | Reached XP level 7. HP: 50/55 MP: 5/8
  3432 | D:4      | Learned a level 2 spell: Cure Poison
  3577 | D:4      | Found an opulent altar of Gozag.
  3615 | D:4      | Reached skill level 1 in Spellcasting
  3768 | D:4      | Found a staircase to the Ecumenical Temple.
  3773 | Temple   | Entered the Ecumenical Temple
  4091 | D:4      | Found an ancient bone altar of Kikubaaqudgha.
  4152 | D:4      | Found a burning altar of Makhleb.
  4427 | D:4      | Noticed Grinder
  4446 | D:4      | Banished Grinder
  4446 | D:4      | Reached skill level 1 in Conjurations
  4521 | D:4      | Noticed Menkaure
  4528 | D:4      | Banished Menkaure
  4554 | D:4      | Found a shimmering altar of Xom.
  4620 | D:4      | Gained mutation: Your magical capacity is low (-10% MP). [potion of mutation]
  4620 | D:4      | Gained mutation: You are agile. (Dex +2) [potion of mutation]
  4622 | D:4      | Gained mutation: You are very agile. (Dex +4) [potion of mutation]
  4622 | D:4      | Gained mutation: Your mind is acute. (Int +2) [potion of mutation]
  4622 | D:4      | Gained mutation: You are resistant to hostile enchantments. [potion of mutation]
  4647 | D:4      | Noticed Robin
  4666 | D:4      | Killed Robin
  4666 | D:4      | Reached XP level 8. HP: 61/61 MP: 9/9
  4793 | D:5      | Entered Level 5 of the Dungeon
  4986 | D:5      | Found a white marble altar of Elyvilon.
  5131 | D:5      | Killed from afar by an orc priest

Skill      XL: |  1  2  3  4  5  6  7  8 |
---------------+-------------------------+-----
Fighting       | 4 |  4.8
Dodging        | 1 2 3 |  3.1
Stealth        | 1 |  1.3
Axes           | 3 |  3.8
Armour         | 3 4 |  4.7
Poison Magic   | 1 |  1.6
Spellcasting   | 1 2 |  2.0
Conjurations   | 1 |  1.6
Invocations    | 3 |  3.8
Polearms       | |  0.4

Action                   |  1- 3 |  4- 6 |  7- 9 || total
-------------------------+-------+-------+-------++-------
Melee: Hand axe          |   115 |   261 |    97 ||   473
       Spear             |       |       |    34 ||    34
 Cast: Sting             |       |     9 |    20 ||    29
Invok: Depart the Abyss  |     1 |       |       ||     1
       Banish            |       |       |     3 ||     3
  Use: Scroll            |       |       |    11 ||    11
       Potion            |       |       |     9 ||     9
 Stab: Invisible         |       |       |     1 ||     1
  Eat: Chunk             |     1 |     9 |     7 ||    17
Armor: Leather armour    |     8 |       |       ||     8
       Chain mail        |    14 |    93 |       ||   107
       Ring mail         |    39 |    57 |    69 ||   165
       Plate armour      |     8 |    11 |       ||    19
Dodge: Dodged            |    73 |   138 |    90 ||   301
